[Event "Team 45 45 League T33"]
[Site "Internet Chess Club"]
[Date "2007.05.05"]
[Round "3"]
[White "gagdad"]
[Black "Luckydawg"]
[Result "1/2-1/2"]
[WhiteElo "1655"]
[BlackElo "1625"]
[ECO "B09"]
[TimeControl "2700+45"]

1. e4 d6 2. d4 Nf6 3. Nc3 g6 4. f4 Bg7 5. e5 Nfd7 6. Nf3 c5 7. exd6 Nc6 8. dxc5
Nxc5 9. Bd2 Qxd6 10. Be2 O-O 11. O-O Bf5 12. Be3 Qxd1 13. Raxd1 Ne4 14. Bd3 Nxc3
15. bxc3 Be6 16. c4 Nb4 17. a3 Nxd3 18. cxd3 b6 19. Bd4 Bh6 20. g3 Bg4 21. Kg2
Rad8 22. Bc3 Rd7 23. Ne5 Bxd1 24. Nxd7 Rd8 25. Nf6+ exf6 26. Rxd1 Rd6 27. Kf3
Re6 28. Re1 f5 29. Rd1 Bf8 30. Bb4 Bg7 31. Re1 a5 32. Rxe6 fxe6 33. Bd6 Bd4 34.
Be5 Bxe5 35. fxe5 Kf7 36. d4 Ke7 37. Ke3 g5 38. d5 Kd7 39. d6 Kc6 40. a4 Kd7 41.
Kd4 Kc6 42. Ke3 Kd7 43. h4 h6 44. hxg5 hxg5 45. Kd4 Kc6 {Game drawn by mutual
agreement} 1/2-1/2

[Event "Team 45 45 League T33"]
[Site "Internet Chess Club"]
[Date "2007.05.05"]
[Round "3"]
[White "boffman"]
[Black "scyther314159"]
[Result "1/2-1/2"]
[WhiteElo "1473"]
[BlackElo "1441"]
[ECO "C45"]
[TimeControl "2700+45"]

1. e4 e5 2. Nf3 Nc6 3. d4 exd4 4. Nxd4 Bc5 5. Be3 Qf6 6. c3 Qg6 7. Nd2 Nf6 8.
Qc2 d6 9. O-O-O Bd7 10. f3 O-O-O 11. N2b3 Nxd4 12. Bxd4 Bxd4 13. Nxd4 h5 14. Bd3
Qg5+ 15. Qd2 Qa5 16. Kb1 Ba4 17. Bc2 Nd7 18. Nb3 Bxb3 19. Bxb3 f6 20. Rhe1 Nc5
21. Bc2 Ne6 22. Bb3 Nc5 23. Bc2 Ne6 24. Bb3 Nc5 {Game drawn by repetition}
1/2-1/2

[Event "Team 45 45 League T33"]
[Site "Internet Chess Club"]
[Date "2007.05.07"]
[Round "3"]
[White "Dostoy"]
[Black "Rubacchus"]
[Result "1-0"]
[WhiteElo "1533"]
[BlackElo "1358"]
[ECO "A46"]
[TimeControl "2700+45"]

1. Nf3 Nf6 2. d4 e6 3. e3 b6 4. Bd3 Bb7 5. O-O c5 6. b3 g6 7. c4 Bg7 8. Nc3 d5
9. Re1 O-O 10. Rb1 Ne4 11. Bb2 Nc6 12. Nxe4 dxe4 13. Bxe4 f5 14. Bc2 Nb4 15. Ne5
Nxc2 16. Qxc2 Be4 17. Nd3 cxd4 18. Rbd1 Rc8 19. Qe2 Qg5 20. f3 Bxd3 21. Rxd3
dxe3 22. Bxg7 Kxg7 23. Qxe3 Qxe3+ 24. Rdxe3 Rce8 25. Rxe6 Rxe6 26. Rxe6 Kf7 27.
Re2 a6 28. f4 Rd8 29. Kf2 Rd3 30. Ke1 Kf6 31. g3 Rc3 32. Kd2 Rf3 33. b4 Ra3 34.
Kd1 a5 35. c5 bxc5 36. bxc5 Rd3+ 37. Kc2 Rd5 38. c6 Rc5+ 39. Kb3 Rxc6 40. Re5
Rb6+ 41. Ka3 Re6 42. Rxe6+ Kxe6 43. Ka4 Kf6 44. Kxa5 g5 45. Kb5 h5 46. a4 gxf4
47. gxf4 Ke6 48. Kc6 h4 49. a5 Kf6 50. a6 Kg6 51. a7 h3 52. a8=Q Kh5 53. Qg8 Kh6
54. Qg5+ Kh7 55. Kd6 Kh8 56. Ke6 Kh7 57. Kf6 Kh8 58. Qg7# {Black checkmated} 1-0

[Event "Team 45 45 League T33"]
[Site "Internet Chess Club"]
[Date "2007.05.05"]
[Round "3"]
[White "AtomicDog"]
[Black "mongmong"]
[Result "0-1"]
[WhiteElo "1334"]
[BlackElo "1531"]
[ECO "C01"]
[TimeControl "2700+45"]

1. e4 e6 2. d4 d5 3. exd5 exd5 4. Bd3 Bd6 5. Nc3 c6 6. Nf3 Nf6 7. O-O O-O 8. Bg5
Bg4 9. Be2 Re8 10. Re1 Nbd7 11. h3 Bh5 12. Ne5 Bxe2 13. Rxe2 Qc7 14. Ng4 Nxg4
15. Rxe8+ Rxe8 16. Qxg4 Nb6 17. Bf6 Bf8 18. Be5 Qd7 19. Qg3 Nc4 20. Na4 Nxe5 21.
dxe5 Qe6 22. f4 Qf5 23. Qf2 Qe4 24. b3 b5 25. Re1 Qb4 26. c3 Qa3 27. Qxa7 bxa4
28. Qa6 Qc5+ 29. Kh2 axb3 30. axb3 Qxc3 31. f5 {White resigns} 0-1

[Event "Team 45 45 League T33"]
[Site "Internet Chess Club"]
[Date "2007.05.07"]
[Round "3"]
[White "Ernie1"]
[Black "RD1974"]
[Result "1/2-1/2"]
[WhiteElo "1616"]
[BlackElo "1705"]
[ECO "A00"]
[TimeControl "2700+45"]

1. c3 b6 2. d4 Bb7 3. Nf3 e6 4. Bf4 Be7 5. e3 h6 6. h4 d6 7. Qc2 Nf6 8. Nbd2 Nc6
9. Bb5 a6 10. Bd3 Nd5 11. Bg3 O-O 12. Ng5 hxg5 13. hxg5 g6 14. Bxg6 Bxg5 15.
Bxf7+ Rxf7 16. Qg6+ Rg7 17. Qxe6+ Rf7 18. Qg6+ Rg7 19. Qe6+ Rf7 20. Qg6+ Rg7 21.
Qe6+ {Game drawn by repetition} 1/2-1/2

[Event "Team 45 45 League T33"]
[Site "Internet Chess Club"]
[Date "2007.05.03"]
[Round "3"]
[White "hondocando"]
[Black "NESKAYA"]
[Result "1-0"]
[WhiteElo "1580"]
[BlackElo "1570"]
[ECO "C26"]
[TimeControl "2700+45"]

1. e4 e5 2. Nc3 Nf6 3. g3 Bc5 4. Bg2 d6 5. d3 Ng4 6. Nh3 O-O 7. Na4 f5 8. Nxc5
dxc5 9. f3 Nf6 10. Be3 fxe4 11. Bxc5 exf3 12. Bxf3 e4 13. Bg2 Re8 14. O-O exd3
15. Qxd3 Qxd3 16. cxd3 c6 17. Rae1 Bxh3 18. Rxe8+ Kf7 19. Rf8+ Kg6 20. Bxh3 b6
21. Bf5+ Kh6 22. Bd6 g6 23. Rxf6 {Black resigns} 1-0

[Event "Team 45 45 League T33"]
[Site "Internet Chess Club"]
[Date "2007.05.12"]
[Round "3"]
[White "ogoon"]
[Black "clarinetref"]
[Result "1-0"]
[WhiteElo "1630"]
[BlackElo "1586"]
[ECO "B07"]
[TimeControl "2700+45"]

1. e4 d6 2. Nf3 g6 3. d4 Bg7 4. c3 Bg4 5. Bc4 Nf6 6. h3 Bxf3 7. Qxf3 O-O 8. O-O
Nbd7 9. Be3 e5 10. d5 Nb6 11. Bd3 c6 12. c4 cxd5 13. cxd5 Re8 14. Nc3 Rc8 15.
Rac1 a6 16. b3 Nh5 17. Qd1 Nf4 18. Ne2 Nxd3 19. Qxd3 Nd7 20. Rxc8 Qxc8 21. Rc1
Qb8 22. Qd2 Nf6 23. f3 Rf8 24. Qb4 Nh5 25. Bb6 Rc8 26. Rxc8+ Qxc8 27. Qxd6 Qc2
28. Kf2 Nf4 29. Qb8+ Bf8 30. Qxe5 Qxe2+ 31. Kg3 Nh5+ 32. Kh2 Qd2 33. Bd4 Qf4+
34. Kg1 Qxe5 35. Bxe5 Bc5+ 36. Kh2 f6 37. Bc7 Kf8 38. g4 Ng7 39. Kg3 Ne8 40. Ba5
Bd6+ 41. Kf2 Ng7 42. Bc3 Kf7 43. b4 Ne8 44. Ke3 Nc7 45. a4 h5 46. f4 Na8 47. e5
fxe5 48. fxe5 Bxe5 49. Bxe5 Nb6 50. Ke4 hxg4 51. a5 Nc4 52. hxg4 Nd2+ 53. Kf4
Nc4 54. Bc7 Kf6 55. g5+ Ke7 56. Ke4 Nd2+ 57. Kd3 Nf3 58. Bf4 Nh4 59. Kc4 Nf5 60.
Kc5 Kd7 61. Kb6 Kc8 62. d6 Nd4 63. d7+ Kxd7 64. Kxb7 Nc6 65. Bd2 Kd6 66. Kxa6
Kc7 67. Bf4+ Kc8 68. Kb5 Nd4+ 69. Kb6 Ne6 70. Be3 Kb8 71. a6 Ka8 72. b5 Kb8 73.
Kc6 Nd8+ 74. Kd7 Nf7 75. Bf4+ Ka7 76. Kc7 Ka8 77. b6 Nxg5 78. b7+ Ka7 {Black
resigns} 1-0

[Event "Team 45 45 League T33"]
[Site "Internet Chess Club"]
[Date "2007.05.06"]
[Round "3"]
[White "ltcdi"]
[Black "MarcoDeSade"]
[Result "0-1"]
[WhiteElo "1508"]
[BlackElo "1397"]
[ECO "C00"]
[TimeControl "2700+45"]

1. e4 e6 2. d3 d5 3. Nd2 Nf6 4. Ngf3 Be7 5. g3 dxe4 6. dxe4 b6 7. Bb5+ Bd7 8.
Bf1 Bc6 9. Qe2 O-O 10. Bg2 Nbd7 11. O-O a6 12. Re1 Ng4 13. h3 Nge5 14. Nh2 Nf6
15. Kh1 Qd4 16. Ndf1 Bc5 17. Be3 Qxb2 18. Bxc5 bxc5 19. f4 Ng6 20. Nd2 Qxc2 21.
Rac1 Qxa2 22. Rxc5 Bb5 23. Qe3 Rad8 24. Nb3 Rd3 25. Qc1 Qxb3 26. Nf1 c6 27. Nd2
Qb4 28. Kh2 Rxd2 29. e5 Nd5 30. f5 exf5 31. e6 fxe6 32. Rxe6 Rd8 33. Kh1 Qb2 34.
Qe1 Rxg2 35. Re8+ Rxe8 36. Qxe8+ Nf8 37. Qh5 Rh2+ {White resigns} 0-1

[Event "Team 45 45 League T33"]
[Site "Internet Chess Club"]
[Date "2007.05.06"]
[Round "3"]
[White "Warpdrive"]
[Black "Grenadier"]
[Result "1/2-1/2"]
[WhiteElo "1610"]
[BlackElo "1848"]
[ECO "B12"]
[TimeControl "2700+45"]

1. e4 c6 2. d4 d5 3. e5 Bf5 4. Bd3 Bxd3 5. Qxd3 e6 6. Ne2 c5 7. c3 Qb6 8. O-O
Nc6 9. b3 Nge7 10. dxc5 Qxc5 11. Be3 Qa5 12. f4 Nf5 13. Bf2 Bc5 14. b4 Bxf2+ 15.
Rxf2 Qb6 16. Na3 Rc8 17. Nc2 h5 18. a3 Nh6 19. h3 Nf5 20. Ncd4 Ncxd4 21. Nxd4
Nxd4 22. Qxd4 Qxd4 23. cxd4 g6 24. Rff1 Kd7 25. Rac1 Rxc1 26. Rxc1 Rc8 27. Rxc8
Kxc8 28. Kf2 Kc7 29. h4 Kc6 30. a4 Kb6 31. Ke3 a5 32. b5 Kc7 33. Kf3 Kd7 34. g4
Ke7 35. g5 {Game drawn by mutual agreement} 1/2-1/2

[Event "Team 45 45 League T33"]
[Site "Internet Chess Club"]
[Date "2007.05.05"]
[Round "3"]
[White "fredd"]
[Black "CoronelCintra"]
[Result "0-1"]
[WhiteElo "1561"]
[BlackElo "1871"]
[ECO "D10"]
[TimeControl "2700+45"]

1. d4 d5 2. c4 c6 3. Nc3 Nf6 4. Bg5 dxc4 5. Bxf6 exf6 6. a4 Bb4 7. e3 Qa5 8. Qc1
Be6 9. Ne2 O-O 10. Nf4 Bd5 11. Nxd5 cxd5 12. g3 Nc6 13. Bg2 Rfe8 14. O-O Rad8
15. Rd1 Ne7 16. Qc2 f5 17. Na2 Bd6 18. b3 Rc8 19. bxc4 Rxc4 20. Qb3 Rxa4 21.
Qxb7 Rb8 22. Qd7 Rd8 23. Qb7 Rxa2 24. Rxa2 Qxa2 25. Rc1 h6 26. Rc7 Bxc7 27. Qxc7
Re8 28. Qd6 Qb1+ 29. Bf1 a5 30. Qd7 Kf8 31. Kg2 Qe4+ 32. Kh3 Qf3 33. Bb5 Rc8 34.
Ba6 Qxf2 35. Bxc8 Qf1+ 36. Kh4 g5+ 37. Kh5 Qh3# {White checkmated} 0-1

[Event "Team 45 45 League T33"]
[Site "Internet Chess Club"]
[Date "2007.05.03"]
[Round "3"]
[White "Talmage"]
[Black "Zyme"]
[Result "1-0"]
[WhiteElo "1597"]
[BlackElo "1451"]
[ECO "E76"]
[TimeControl "2700+45"]

1. c4 Nf6 2. d4 g6 3. Nc3 Bg7 4. e4 d6 5. f4 O-O 6. Nf3 c5 7. d5 e6 8. Bd3 exd5
9. cxd5 Bg4 10. h3 Bxf3 11. Qxf3 Re8 12. O-O Nbd7 13. Bd2 a6 14. f5 Ne5 15. Qe3
Nxd3 16. Qxd3 Qd7 17. fxg6 hxg6 18. Bg5 Re5 19. Bxf6 Rae8 20. Bxe5 Bxe5 21. Rf3
Qe7 22. Raf1 Bd4+ 23. Kh1 Rf8 24. Qd2 Kg7 25. Ne2 Be5 26. Nf4 Bd4 27. Ne6+
{Black resigns} 1-0

[Event "Team 45 45 League T33"]
[Site "Internet Chess Club"]
[Date "2007.05.03"]
[Round "3"]
[White "BrerRabbit"]
[Black "Ghashgork"]
[Result "1/2-1/2"]
[WhiteElo "1549"]
[BlackElo "1674"]
[ECO "D27"]
[TimeControl "2700+45"]

1. d4 d5 2. c4 dxc4 3. Nf3 e6 4. e3 Nf6 5. Bxc4 a6 6. O-O c5 7. dxc5 Qxd1 8.
Rxd1 Bxc5 9. Nc3 b5 10. Be2 Nbd7 11. b3 Bb7 12. Bb2 O-O 13. Rac1 Rac8 14. Nb1
Ba7 15. Nfd2 h6 16. Bf3 Bxf3 17. Nxf3 Nd5 18. Kf1 Rfd8 19. Nc3 Nxc3 20. Bxc3 Bb6
21. Ke2 Rc7 22. Bb2 Rdc8 23. Rxc7 Rxc7 24. Rc1 Rxc1 25. Bxc1 f6 26. Bb2 e5 27.
Ba3 a5 28. b4 a4 29. Bb2 Kf7 30. e4 Nb8 31. a3 Nc6 32. Nd2 Bd4 33. Bc1 Ke6 34.
Nf3 Bb6 35. Be3 Bxe3 36. Kxe3 g5 37. g4 Ne7 38. h4 Ng6 39. h5 Nf4 40. Nd2 Ng2+
41. Kf3 Ne1+ 42. Ke2 Nc2 43. Nb1 {Game drawn by mutual agreement} 1/2-1/2

[Event "Team 45 45 League T33"]
[Site "Internet Chess Club"]
[Date "2007.05.05"]
[Round "3"]
[White "shijith"]
[Black "ivanson"]
[Result "1-0"]
[WhiteElo "1774"]
[BlackElo "1886"]
[ECO "E94"]
[TimeControl "2700+45"]

1. d4 Nf6 2. c4 g6 3. Nc3 Bg7 4. e4 d6 5. Nf3 O-O 6. Be2 e5 7. O-O Na6 8. Bg5 h6
9. Be3 Ng4 10. Bc1 f5 11. h3 Nf6 12. dxe5 dxe5 13. Qxd8 Rxd8 14. exf5 e4 15.
fxg6 exf3 16. Bxf3 c6 17. Re1 Bf5 18. Re7 Rd7 19. Rxd7 Nxd7 20. Be4 Bxe4 21.
Nxe4 Ne5 22. Nd6 Rd8 23. Nf5 Rd1+ 24. Kh2 Nd3 25. Nxg7 Rxc1 26. Rxc1 Nxc1 27.
Nf5 h5 28. Kg3 Nc5 29. a3 N1d3 30. b4 Ne6 31. b5 cxb5 32. cxb5 Ndf4 33. Nd6 a6
34. b6 Nd5 35. Nxb7 Nxb6 36. f4 Kg7 37. f5 Nd4 38. Kf4 Kf6 39. Nd6 Ne2+ 40. Kf3
Nd4+ 41. Ke4 Nb5 42. Nxb5 axb5 43. Kd4 Nd7 44. g4 h4 45. Kd5 Ne5 46. g5+ {Black
resigns} 1-0

[Event "Team 45 45 League T33"]
[Site "Internet Chess Club"]
[Date "2007.05.05"]
[Round "3"]
[White "Sailor"]
[Black "Beancounter"]
[Result "1/2-1/2"]
[WhiteElo "1891"]
[BlackElo "1693"]
[ECO "B21"]
[TimeControl "2700+45"]

1. e4 c5 2. d4 cxd4 3. c3 Nf6 4. e5 Nd5 5. Nf3 d6 6. Qxd4 e6 7. Nbd2 Nc6 8. Qe4
dxe5 9. Nxe5 Nxe5 10. Qxe5 Qf6 11. Qg3 a6 12. Bc4 Be7 13. O-O Qg6 14. Qf3 Nf6
15. Re1 Qg4 16. Qe3 O-O 17. Be2 Qf5 18. Bf3 Rb8 19. Nb3 b6 20. Nd4 Qc5 21. Nc6
Rb7 22. Nxe7+ Rxe7 23. Qxc5 bxc5 24. Bf4 Rd7 25. Bc6 Rd3 26. Re5 Nd5 27. Bxd5
exd5 28. Rae1 Be6 29. Kf1 c4 30. Be3 a5 31. Bb6 a4 32. Bc5 Rb8 33. Bb4 g6 34.
Ke2 Kg7 35. Kf1 {Game drawn by mutual agreement} 1/2-1/2

[Event "Team 45 45 League T33"]
[Site "Internet Chess Club"]
[Date "2007.05.05"]
[Round "3"]
[White "Stav"]
[Black "mickeys"]
[Result "1-0"]
[WhiteElo "1765"]
[BlackElo "1664"]
[ECO "E91"]
[TimeControl "2700+45"]

1. d4 Nf6 2. c4 g6 3. Nc3 Bg7 4. e4 d6 5. Nf3 O-O 6. Be2 Nc6 7. d5 Nb4 8. O-O a5
9. h3 Na6 10. Be3 Nd7 11. a3 c5 12. Qc2 Ne5 13. Nxe5 Bxe5 14. Bh6 Bg7 15. Bxg7
Kxg7 16. Nb5 Nc7 17. Qc3+ Kg8 18. b4 axb4 19. axb4 Rxa1 20. Rxa1 Nxb5 21. cxb5
b6 22. bxc5 dxc5 23. Qe5 f6 24. Qg3 e6 25. Bc4 Qe7 26. Ra8 exd5 27. Bxd5+ Kg7
28. Qa3 Qd6 29. Ra7+ Kh8 30. Qc1 g5 31. Qc2 Qb8 32. Ra8 Qd6 33. Ra7 Qb8 34. Ra8
Qd6 35. Qe2 Qe7 36. Qh5 Kg7 37. h4 Bg4 38. Qxg4 Rxa8 39. Bxa8 Qa7 40. Bc6 Qa1+
41. Kh2 Qe5+ 42. g3 h6 43. h5 c4 44. Qd7+ Kf8 45. Bd5 Qe7 46. Qc8+ Kg7 47. Qg8#
{Black checkmated} 1-0

[Event "Team 45 45 League T33"]
[Site "Internet Chess Club"]
[Date "2007.05.08"]
[Round "3"]
[White "SneakyRed"]
[Black "alastorx"]
[Result "0-1"]
[WhiteElo "1797"]
[BlackElo "1880"]
[ECO "B01"]
[TimeControl "2700+45"]

1. e4 d5 2. exd5 Qxd5 3. Nc3 Qa5 4. d4 Nf6 5. Nf3 Nc6 6. Bd2 a6 7. Be2 Bg4 8.
Ne4 Qb6 9. Nxf6+ exf6 10. Bc3 O-O-O 11. O-O Bxf3 12. Bxf3 Nxd4 13. a4 Nxf3+ 14.
Qxf3 Kb8 15. a5 Qb5 16. Bxf6 Rd5 17. Bc3 Rf5 18. Qe4 Bd6 19. Bxg7 Rg8 20. c4 Qd7
21. Bc3 Rf4 22. Qxh7 Rfg4 23. g3 Qc6 24. Qd3 f5 25. Qd5 Qe8 26. Qxf5 Rf4 27. Qd5
Qg6 28. Rad1 Rf5 29. Qd3 Qg4 30. f3 Qh3 31. Rf2 Bxg3 32. Qf1 Bxh2+ 33. Kh1 Rg1+
{White resigns} 0-1

[Event "Team 45 45 League T33"]
[Site "Internet Chess Club"]
[Date "2007.05.03"]
[Round "3"]
[White "chinta"]
[Black "Fysh"]
[Result "1-0"]
[WhiteElo "1688"]
[BlackElo "1749"]
[ECO "B21"]
[TimeControl "2700+45"]

1. e4 c5 2. f4 Nc6 3. Nf3 Nf6 4. Nc3 d6 5. Bc4 e6 6. d4 cxd4 7. Nxd4 Be7 8. Be3
O-O 9. g4 Qb6 10. Bb3 Nxg4 11. Qxg4 e5 12. f5 exd4 13. Bh6 g6 14. Nd5 Qa5+ 15.
Bd2 Qd8 16. O-O-O Ne5 17. Qg2 Bd7 18. Bh6 Re8 19. Rhf1 Bc6 20. fxg6 hxg6 21.
Nxe7+ Qxe7 22. Bxf7+ Qxf7 23. Rxf7 Kxf7 24. Bg5 Re6 25. Qh3 Ree8 26. Rf1+ Kg8
27. Bf6 Rf8 28. Qh8+ Kf7 29. Bg7+ {Black resigns} 1-0

[Event "Team 45 45 League T33"]
[Site "Internet Chess Club"]
[Date "2007.05.06"]
[Round "3"]
[White "touchthis"]
[Black "NFK"]
[Result "1-0"]
[WhiteElo "1798"]
[BlackElo "1737"]
[ECO "C21"]
[TimeControl "2700+45"]

1. e4 e5 2. d4 exd4 3. Nf3 Bb4+ 4. Bd2 Qe7 5. Bd3 Nc6 6. O-O Nf6 7. Re1 O-O 8.
a3 Bxd2 9. Qxd2 Re8 10. c3 dxc3 11. Nxc3 Ne5 12. Nxe5 Qxe5 13. f4 Qd4+ 14. Kh1
Ng4 15. Re2 c6 16. h3 Nf6 17. e5 Kh8 18. exf6 Rxe2 19. Qxe2 gxf6 20. Rd1 Qxf4
21. Qh5 Kg7 22. Qxh7+ Kf8 23. Qh8+ Ke7 24. Re1+ Kd6 25. Qf8+ Kc7 26. Qxf7 Qd2
27. Rd1 Qxb2 28. Qxf6 Qxa3 29. Bf5 a5 30. Qe5+ {Black resigns} 1-0

[Event "Team 45 45 League T33"]
[Site "Internet Chess Club"]
[Date "2007.05.06"]
[Round "3"]
[White "Egmont"]
[Black "az2112"]
[Result "1/2-1/2"]
[WhiteElo "1750"]
[BlackElo "1732"]
[ECO "B08"]
[TimeControl "2700+45"]

1. e4 d6 2. d4 Nf6 3. Nc3 g6 4. Nf3 Bg7 5. Be3 O-O 6. Qd2 Ng4 7. Bf4 e5 8. dxe5
Nxe5 9. Nxe5 dxe5 10. Qxd8 Rxd8 11. Bg5 f6 12. Be3 Be6 13. Nb5 Na6 14. a3 f5 15.
f3 f4 16. Bd2 c6 17. Nc3 Nc7 18. Bd3 Kh8 19. Rd1 g5 20. h3 Ne8 21. Kf2 Nd6 22.
b3 Bf8 23. Bc1 Ne8 24. g4 fxg3+ 25. Kxg3 h6 26. h4 gxh4+ 27. Rxh4 Kh7 28. Rdh1
Nf6 29. Bxh6 Bxh6 30. Rxh6+ Kg7 31. Ne2 Rh8 32. Rxh8 Rxh8 33. Rxh8 Kxh8 34. f4
Nh5+ 35. Kh4 Nxf4 36. Nxf4 exf4 37. Be2 Kg7 38. Kg5 a5 39. a4 f3 40. Bxf3 b5 41.
axb5 cxb5 42. c4 bxc4 43. bxc4 Bxc4 44. Bd1 Kf7 45. Kf5 Bd3 46. Ba4 Ke7 47. Ke5
{Game drawn by mutual agreement} 1/2-1/2

[Event "Team 45 45 League T33"]
[Site "Internet Chess Club"]
[Date "2007.05.05"]
[Round "3"]
[White "MaunaKeaMike"]
[Black "Squaredance"]
[Result "0-1"]
[WhiteElo "1786"]
[BlackElo "2012"]
[ECO "A07"]
[TimeControl "2700+45"]

1. Nf3 d5 2. g3 c6 3. Bg2 Nf6 4. O-O Bg4 5. h3 Bxf3 6. Bxf3 e5 7. d3 Nbd7 8. Nd2
Be7 9. e4 O-O 10. c4 dxe4 11. dxe4 Nc5 12. b4 Nd3 13. a3 Qd4 14. Ra2 Rfd8 15.
Qc2 Nxc1 16. Rxc1 Qd3 17. Kg2 a5 18. Qxd3 Rxd3 19. Be2 Rd7 20. b5 Bxa3 21. Rb1
c5 22. Nf3 Bb4 23. Nxe5 Re7 24. Nd3 Nxe4 25. Nxb4 cxb4 26. Rd1 h6 27. Rc2 Nc3
28. Rdd2 a4 29. Bf3 a3 30. Rc1 a2 31. Ra1 b3 32. Rb2 Ra3 33. b6 Na4 34. Rxb3
Rxb3 35. Rxa2 Nxb6 36. c5 Nc4 37. Bd5 Rc3 38. Ra4 Na3 39. Be4 g6 40. c6 bxc6 41.
Bxc6 Rxc6 42. Rxa3 Re2 43. Rf3 Rcc2 44. g4 Kg7 45. h4 Re4 46. Kg3 Rcc4 47. g5
hxg5 48. hxg5 Rg4+ 49. Kh2 Rxg5 50. Rh3 Rc8 51. f4 Rh5 52. Rxh5 gxh5 {White
resigns} 0-1

[Event "Team 45 45 League T33"]
[Site "Internet Chess Club"]
[Date "2007.05.05"]
[Round "3"]
[White "tourettes"]
[Black "Mater"]
[Result "1-0"]
[WhiteElo "1843"]
[BlackElo "1748"]
[ECO "B24"]
[TimeControl "2700+45"]

1. e4 c5 2. Nc3 Nc6 3. g3 d6 4. Bg2 e6 5. Nge2 Bd7 6. O-O h5 7. h3 g5 8. d3 f5
9. exf5 exf5 10. Nd5 h4 11. Bxg5 Qxg5 12. Nc7+ Kd8 13. Nxa8 hxg3 14. fxg3 Nd4
15. Nxd4 cxd4 16. Qf3 Bc6 17. Qxf5 Qxg3 18. Qxf8+ Be8 19. Rae1 {Black resigns}
1-0

[Event "Team 45 45 League T33"]
[Site "Internet Chess Club"]
[Date "2007.05.06"]
[Round "3"]
[White "jazzpiano"]
[Black "kingfischer57"]
[Result "1/2-1/2"]
[WhiteElo "1695"]
[BlackElo "1783"]
[ECO "C00"]
[TimeControl "2700+45"]

1. e4 e6 2. Nf3 d5 3. e5 c5 4. b4 b6 5. c3 Nc6 6. bxc5 bxc5 7. d4 cxd4 8. cxd4
Bb4+ 9. Bd2 Qa5 10. Bxb4 Qxb4+ 11. Qd2 Nge7 12. Qxb4 Nxb4 13. Bb5+ Nbc6 14. Nbd2
Bd7 15. Rb1 Nf5 16. Nb3 Nxe5 17. Nxe5 Bxb5 18. Kd2 O-O 19. Rhc1 Rfc8 20. Nf3 Nd6
21. Nc5 Nc4+ 22. Ke1 Rab8 23. a4 Be8 24. Nd2 Nb2 25. a5 h6 26. Rc2 Na4 27. Rxb8
Rxb8 28. Na6 Rd8 29. Rc7 Bb5 30. Rxa7 Bxa6 31. Rxa6 Rc8 32. Nb3 Kf8 33. Kd2 Nb2
34. Nc5 Nc4+ 35. Kc3 Ke8 36. Ra7 Rb8 37. Rb7 Ra8 38. a6 Nd6 39. Rb1 Nc4 40. Ra1
Kd8 41. Nb7+ Kc7 42. Nc5 Kc6 43. Rb1 Nb6 44. Ra1 Ra7 45. Kb4 Nc4 46. Nb7 Kb6 47.
Nc5 Kc6 48. Kc3 Ra8 49. Rb1 Nb6 50. Ra1 Ra7 51. Kd3 Nd7 52. Nb7 Kb6 53. Nd8 Rxa6
54. Rxa6+ Kxa6 55. Nxf7 Kb5 56. Nd8 Nf8 57. f4 Kb6 58. Nf7 Kc6 59. Ne5+ Kd6 60.
Ke3 Nh7 61. Ng4 Nf6 62. Nxf6 gxf6 63. g4 e5 64. fxe5+ fxe5 65. h4 Ke6 66. dxe5
Kxe5 67. g5 hxg5 68. hxg5 Kf5 69. Kd4 Kxg5 70. Kxd5 {Game drawn because neither
player has mating material} 1/2-1/2

[Event "Team 45 45 League T33"]
[Site "Internet Chess Club"]
[Date "2007.05.08"]
[Round "3"]
[White "reijo"]
[Black "bonecore"]
[Result "0-1"]
[WhiteElo "1616"]
[BlackElo "1657"]
[ECO "D38"]
[TimeControl "2700+45"]

1. d4 e6 2. c4 d5 3. Nc3 Nf6 4. Nf3 Bb4 5. Qc2 dxc4 6. a3 Bxc3+ 7. Qxc3 b5 8.
Bg5 Bb7 9. e3 Bxf3 10. gxf3 Qd5 11. Rg1 Qxf3 12. Bg2 Qf5 13. Bxa8 Ng4 14. Bf4 g5
15. Bg3 h5 16. Qd2 Kd7 17. f3 Nf6 18. Rf1 c6 19. Qb4 e5 20. Bxe5 Qe6 21. Qa5 Rc8
22. Qxa7+ Kd8 23. Ke2 Nd5 24. Qc5 Nd7 25. Qd6 Qxd6 26. Bxd6 Rxa8 27. e4 Nc7 28.
e5 Nd5 29. Kd2 N7b6 30. Rfe1 Kd7 31. Bc5 Na4 32. Bb4 Nxb2 33. Rg1 Nd3 34. Bc3
Rg8 35. Rg3 N3f4 36. Rag1 Nxc3 37. Rxg5 Rxg5 38. Rxg5 Nb1+ 39. Ke3 Nd5+ 40. Ke4
Ke6 41. Rxh5 Nd2# {White checkmated} 0-1

[Event "Team 45 45 League T33"]
[Site "Internet Chess Club"]
[Date "2007.05.03"]
[Round "3"]
[White "andrew28"]
[Black "Klampin"]
[Result "1-0"]
[WhiteElo "1841"]
[BlackElo "1966"]
[ECO "B22"]
[TimeControl "2700+45"]

1. e4 c5 2. c3 Nf6 3. e5 Nd5 4. Bc4 Qc7 5. Nf3 Nb6 6. Bb3 Nc6 7. d4 cxd4 8. Bf4
e6 9. cxd4 d6 10. Nc3 dxe5 11. Nxe5 Nxe5 12. Bxe5 Qd8 13. O-O Bd7 14. Re1 Bc6
15. d5 Bd7 16. Ne4 Qh4 17. dxe6 fxe6 18. g3 Qh3 19. Nd6+ Bxd6 20. Bxd6 Rc8 21.
Qd4 Rg8 22. Rad1 Qf5 23. Re5 Qh3 24. Bc5 Rxc5 25. Qxc5 Rf8 26. Qd6 Rxf2 27.
Rxe6+ Bxe6 28. Qd8+ Kf7 29. Bxe6+ Kxe6 30. Re1+ Kf5 31. Qf8+ Kg6 32. Qxf2 Qd7
33. Qc2+ Kh6 34. Qe4 g6 35. Qh4+ {Black resigns} 1-0

[Event "Team 45 45 League T33"]
[Site "Internet Chess Club"]
[Date "2007.05.07"]
[Round "3"]
[White "Vitruvian"]
[Black "juanhernandez"]
[Result "1-0"]
[WhiteElo "1846"]
[BlackElo "1370"]
[ECO "C01"]
[TimeControl "2700+45"]

1. e4 e6 2. d4 c5 3. c3 d5 4. exd5 Qxd5 5. Nf3 Nc6 6. Be3 Nf6 7. Bd3 cxd4 8.
cxd4 Bb4+ 9. Nc3 Qa5 10. Bd2 Qd8 11. a3 Bc5 12. dxc5 Qxd3 13. Bg5 Qxd1+ 14. Rxd1
Nd7 15. b4 h6 16. Be3 O-O 17. O-O e5 18. Rd6 f6 19. Rfd1 Rd8 20. b5 Ne7 21. c6
bxc6 22. bxc6 Nxc6 23. Rxc6 a5 24. Rcd6 Ra6 25. Rxa6 Bxa6 26. h3 Rc8 27. Rxd7
Rxc3 28. Ra7 Rc6 29. Nh4 Bd3 30. Rxa5 Rc3 31. Nf3 Be4 32. Ra7 Bxf3 33. gxf3 g5
34. a4 f5 35. Kg2 Rc2 36. a5 Kf8 37. Bb6 Ra2 38. Rh7 Ra4 39. Rxh6 Kf7 40. Rc6
Ra2 41. Bd8 e4 42. fxe4 fxe4 43. a6 e3 44. Bxg5 e2 45. Rc1 Kg6 46. h4 Rxa6 47.
Re1 Ra2 48. Kf3 {Black resigns} 1-0

[Event "Team 45 45 League T33"]
[Site "Internet Chess Club"]
[Date "2007.05.06"]
[Round "3"]
[White "IceBox"]
[Black "vrahimov"]
[Result "1-0"]
[WhiteElo "1669"]
[BlackElo "1555"]
[ECO "E60"]
[TimeControl "2700+45"]

1. d4 Nf6 2. c4 g6 3. f3 e6 4. e4 Nc6 5. Bg5 Be7 6. Bh6 Bf8 7. Bxf8 Kxf8 8. Qd2
h6 9. Nc3 e5 10. Nge2 d6 11. d5 Nb8 12. b4 a5 13. b5 Nbd7 14. Na4 b6 15. Nc1 Nh5
16. Nd3 Qh4+ 17. Nf2 Qf6 18. Ng4 Qg7 19. Bd3 Nf4 20. g3 Nxd3+ 21. Qxd3 Nf6 22.
Nf2 Nh5 23. Qa3 Bd7 24. Nxb6 cxb6 25. Qxd6+ Ke8 26. Qxb6 Qf6 27. Qxf6 Nxf6 28.
a4 Rc8 29. Rc1 Ke7 30. c5 Ne8 31. c6 f5 32. Kd2 Nd6 33. cxd7 Kxd7 34. Rc6 fxe4
35. Nxe4 Nxe4+ 36. fxe4 Rxc6 37. bxc6+ Kd6 38. Rb1 Rf8 39. Ke2 Kc5 40. Rb5+ Kd4
41. d6 Kxe4 42. c7 {Black resigns} 1-0

[Event "Team 45 45 League T33"]
[Site "Internet Chess Club"]
[Date "2007.05.03"]
[Round "3"]
[White "superbeast"]
[Black "Juan73"]
[Result "1-0"]
[WhiteElo "1675"]
[BlackElo "1769"]
[ECO "A20"]
[TimeControl "2700+45"]

1. c4 e5 2. g3 Nf6 3. Bg2 Bc5 4. Nc3 d6 5. e3 c6 6. Nge2 Be6 7. d4 exd4 8. exd4
Bb4 9. Qb3 Ba5 10. O-O Bb6 11. d5 Bd7 12. Bg5 h6 13. Bxf6 Qxf6 14. Ne4 Qe7 15.
Nf4 O-O 16. Nh5 Bf5 17. Qc3 f6 18. Rfe1 Bxe4 19. Rxe4 Qf7 20. Nf4 Nd7 21. Ne6
Rfe8 22. Rae1 Ne5 23. Kh1 Rac8 24. R4e2 Ng4 25. h3 Nxf2+ 26. Kh2 Qg6 27. Nf4 Qf7
28. Ne6 Kh8 29. Qf3 cxd5 30. cxd5 Qg6 31. Nf4 Qf7 32. Ne6 Qd7 33. Rxf2 Bxf2 34.
Qxf2 Qa4 35. b3 Qa5 36. Rf1 Qc3 37. Qf5 Qc2 38. Qg4 Qh7 39. Be4 Qg8 40. Qh5 Rxe6
41. dxe6 Qxe6 42. Qg6 Qg8 43. Rd1 Rd8 44. Bd5 Qe8 45. Be4 Qg8 46. Bxb7 Qe6 47.
Be4 Qg8 48. Rd5 Rd7 49. Qf5 Qe8 50. Qh7# {Black checkmated} 1-0